 Dungeon Crawl Stone Soup version 0.28.0-53-g5a82cb258f (webtiles) character file.

Game seed: 10195260201001776936

77 Sin92 the Skirmisher (level 4, -4/32 (35) HPs)
             Began as a Demonspawn Fighter on Aug 8, 2022.
             Slain by a wight
             ... wielding a +3 battleaxe
              (12 damage)
             ... on level 3 of the Dungeon.
             The game lasted 00:01:23 (1974 turns).

Sin92 the Skirmisher (Demonspawn Fighter)           Turns: 1974, Time: 00:01:24

HP:   -4/32 (35)    AC:  4    Str: 25    XL:     4   Next: 14%
MP:   4/4           EV: 10    Int:  9    God:
Gold: 98            SH:  5    Dex: 18    Spells: 3/3 levels left

rFire   . . .      SeeInvis .   a - +0 war axe
rCold   + . .      Faith    .   c - +0 buckler
rNeg    . . .      Spirit   .   p - +1 leather armour of the Kraken {rC+ Dex+4}
rPois   .          Reflect  .   (no helmet)
rElec   .          Harm     .   (no cloak)
rCorr   .          Rampage  .   (no gloves)
Will    .....                   (no boots)
Stlth   ++........              (no amulet)
HPRegen 0.10/turn               h - +6 ring of strength
MPRegen 0.09/turn               (no ring)

@: drained
A: thin skeletal structure 1, ignite blood 1
a: no special abilities


You were on level 3 of the Dungeon.
You visited 1 branch of the dungeon, and saw 3 of its levels.

You collected 98 gold pieces.

Inventory:

Hand Weapons
 a - a +0 war axe (weapon)
Armour
 b - a +0 scale mail
 c - a +0 buckler (worn)
 p - the +1 leather armour of the Kraken (worn) {rC+ Dex+4}
   (You found it on level 2 of the Dungeon)

   Dex:       It affects your dexterity (+4).
   rC:        It protects you from cold.
Jewellery
 h - a +6 ring of strength (left hand)
 k - a ring of positive energy
Scrolls
 e - a scroll of teleportation {unknown}
 j - 3 scrolls of identify {unknown}
 o - a scroll of fog {unknown}
Potions
 d - a potion of might
 f - a potion of brilliance {unknown}
 g - a potion of mutation {unknown}
 m - a potion of heal wounds {unknown}
 n - a potion of haste {unknown}


   Skills:
 + Level 3.5 Fighting
 * Level 2.9 Axes
 + Level 3.1 Armour
 + Level 0.0 Dodging
 + Level 3.1 Shields


You had 3 spell levels left.
You didn't know any spells.
Your spell library was empty.

Dungeon Overview and Level Annotations

Branches:
Dungeon (3/15)

Altars:
Fedhas
Trog

Shops:
D:1 =


Innate Abilities, Weirdness & Mutations

You have a somewhat thin skeletal structure. (Dex +2, Stealth+)
Your demonic aura sometimes causes spilled blood to erupt in flames.


Message History

No target in view!
A rat comes into view.
A rat is nearby!
A rat is nearby!
A rat is nearby!
The rat bites you.
A rat is nearby!
You hit the rat.
You kill the rat!
HP restored.
You see here a rat corpse.
Found 4 silver boomerangs.
No target in view!
j - 3 scrolls labelled WAIXEFEEZI (gained 1)
A wight comes into view. It is wielding a +3 battleaxe.
Found a bloodstained altar of Trog.
A wight is nearby! 2 wights come into view.
There are monsters nearby!
There are monsters nearby!
There are monsters nearby!
You hit the wight.
The wight is lightly damaged.
The wight hits you with a +3 battleaxe!
You feel drained.
There are monsters nearby!
You barely miss the wight.
The wight is lightly damaged.
The wight hits you with a +3 battleaxe!
You feel drained.
* * * LOW HITPOINT WARNING * * *
There are monsters nearby!
You are too injured to fight recklessly!
Unknown command.
You are too injured to fight recklessly!
As you read the scroll labelled NIEROV ERCH, it crumbles to dust.
You assume a fearsome visage.
The wight is unaffected. x3
It was a scroll of fear.
As you read the scroll labelled IMAALY HEUGHIA, it crumbles to dust.
You feel aware of your surroundings.
You sensed 2 altars.
It was a scroll of magic mapping.
The wight hits you with a +3 battleaxe!
You die...

*,* #.##### ##.# # **,* #.# #.# #
*,,* #.# ##+#* # *,** ##.##
##...## # ***,* #...## ##.....##
## *,*,*** ###....##
##.......###.
,,,,,,***#.......####.........#..
,,,,,,,.............+...........#
,,,,*,*###......@z.............##
*,*,*,* ##.####.####...........#
*,,*,,* #.**,..z,**.#......#.##
*,*,*,* #.*,.....,*,##....####,
*,***,*****,*.......*,*##+.##,,,,
,,,,,,,,,,,,...._....,* #...##+#,
*,********,.#....z..#.* #.#..#.##
*,* *..#.......#.#*#.##.†..# *,*
*,,**,,,,,**,,,...##..##


You could see 3 wights.

Vanquished Creatures
  An iguana (D:2)
  A worm (D:2)
  3 dart slugs
  5 endoplasms
  A giant cockroach (D:1)
  5 goblins
  3 hobgoblins
  4 kobolds
  3 quokkas
  4 ball pythons
  4 bats
  2 frilled lizards
  7 rats
43 creatures vanquished.

Notes
Turn   | Place    | Note
-------+----------+-------------------------------------------
     0 | D:1      | Sin92 the Demonspawn Fighter began the quest for the Orb.
     0 | D:1      | Reached XP level 1. HP: 18/18 MP: 1/1
    30 | D:1      | Found Kodawir's Jewellery Shop.
   188 | D:1      | Gained mutation: Your demonic aura sometimes causes spilled
                  | blood to erupt in flames. [demonic ancestry]
   188 | D:1      | Reached XP level 2. HP: 15/24 MP: 2/2
   693 | D:1      | Reached XP level 3. HP: 28/29 MP: 3/3
  1335 | D:2      | Found a blossoming altar of Fedhas.
  1366 | D:2      | Gained mutation: You have a somewhat thin skeletal
                  | structure. (Dex +2, Stealth+) [demonic ancestry]
  1366 | D:2      | Reached XP level 4. HP: 33/35 MP: 4/4
  1614 | D:2      | Identified the +1 leather armour of the Kraken {rC+ Dex+4}
  1968 | D:3      | Found a bloodstained altar of Trog.
  1974 | D:3      | Slain by a wight

Illustrated notes

Levels and vault maps discovered:
D:1:      lightli_iron_boxes, layout_loops_cross, serial_shops, shop, hex_tiny,
          chequers_serial_rivers_micro_a
D:2:      layout_loops_ring, basic_altar, minmay_misc_feat_diagonals
D:3:      layout_loops_corners, nicolae_overflow_crystal_walls,
          old_standard_altar, hellmonk_ecumenical_altar_zigzags,
          minmay_fractal_squares_gapless_5

Skill      XL: |  1  2  3 |
---------------+----------+-----
Axes           | 2 |  2.9
Armour         | 3 |  3.1
Shields        | 3 |  3.1
Fighting       | |  3.5

Action                   |  1- 3 |  4- 6 || total
-------------------------+-------+-------++-------
Melee: War axe           |    80 |    27 ||   107
  Use: Scroll            |       |     2 ||     2
Armor: Scale mail        |    33 |    16 ||    49
       Leather armour    |       |     2 ||     2
Dodge: Dodged            |    44 |    15 ||    59
Block: Buckler           |    19 |     8 ||    27
